Map: Shrines of Lizul

Players

eNrO

  • Race: Terran Terran
  • League: Diamond
  • Spawn Location: 12:00

Liet

  • Race: Terran Terran
  • League: Diamond
  • Spawn Location: 3:00

Irisviel - Winner!

  • Race: Zerg Zerg
  • League: Diamond
  • Spawn Location: 9:00

PureLegacy - Winner!

  • Race: Terran Terran
  • Spawn Location: 6:00

VOD

Have the link to the VOD?

Description

Time

  • Played on: Nov. 25, 2018, 9:36 p.m.
  • Length: 4:25
Show
View Real Time Build Order
Export as new Build Order

eNrO Terran 

Build Orders:  

Get SALT Encoding   

  12  0:00  SCV  
  13  0:13  SCV  
  14  0:19  Supply Depot  
  14  0:25  SCV  
  15  0:40  SCV  
  16  0:43  Barracks  
  16  0:50  Refinery  
  16  0:53  SCV  
  17  1:05  SCV  
  18  1:17  SCV  
  19  1:29  Orbital Command  
  19  1:41  Reaper  
  19  1:42  Supply Depot  
  19  1:46  Barracks  
  20  1:48  Barracks  
  20  1:56  SCV  
  21  2:08  SCV  
  22  2:09  Barracks  
  22  2:13  Barracks Tech Lab  
  22  2:25  SCV  
  23  2:34  Marine x2  
  23  2:36  Marine  
  26  2:37  Combat Shield  
  26  2:50  SCV  
  27  2:52  Marine x2  
  27  2:54  Supply Depot, Marine  
  30  3:02  SCV  
  31  3:09  Supply Depot  
  31  3:13  Marine  
  31  3:15  Marine x2, SCV  
  34  3:21  Marine  
  35  3:27  SCV  
  35  3:30  Supply Depot  
  35  3:31  Marine  
  35  3:33  Marine x2  
  37  3:39  Marine  
  37  3:40  SCV  
  38  3:44  Supply Depot  
  38  3:49  Marine  
  38  3:50  Marine  
  40  3:58  Marine x2  
  42  4:04  SCV  
  42  4:07  Marine  
Show
View Real Time Build Order
Export as new Build Order

Liet Terran 

Build Orders:  

Get SALT Encoding   

  12  0:00  SCV  
  13  0:12  SCV  
  14  0:18  Supply Depot  
  14  0:24  SCV  
  15  0:39  SCV  
  15  0:41  Barracks  
  16  0:45  Refinery  
  16  0:51  SCV  
  17  1:03  SCV  
  18  1:04  Barracks  
  18  1:15  SCV  
  19  1:29  Supply Depot  
  19  1:30  Orbital Command  
  19  1:33  Reaper  
  20  1:47  Barracks  
  20  1:52  Barracks Tech Lab  
  20  1:56  SCV  
  21  2:06  Marine  
  22  2:10  Marine  
  22  2:12  SCV  
  24  2:15  Stimpack  
  24  2:24  Marine  
  25  2:30  Marine  
  26  2:39  Barracks Reactor  
  26  2:40  Barracks  
  26  2:42  Marine  
  26  2:44  Supply Depot  
  24  3:00  Marine  
  22  3:06  Marauder  
  21  3:16  Marine x2  
  23  3:20  SCV  
  23  3:24  Barracks Reactor  
  23  3:27  Marine  
  23  3:28  Supply Depot  
  23  3:32  SCV  
  23  3:34  Marine x2  
  19  3:44  Marine  
  14  3:51  Marine x2  
  9  4:02  Marine  
  8  4:04  Marine  
  8  4:06  Marine  
Show
View Real Time Build Order
Export as new Build Order

Irisviel Zerg - Winner!

Build Orders: Hatch First 

Get SALT Encoding   

  12  0:02  Drone  
  13  0:15  Overlord  
  13  0:22  Drone  
  14  0:34  Drone x2  
  16  0:42  Drone  
  17  0:55  Hatchery  
  16  0:59  Drone  
  16  1:02  Drone  
  18  1:18  Spawning Pool  
  18  1:23  Drone  
  18  1:24  Drone  
  19  1:26  Extractor  
  19  1:32  Drone  
  19  1:50  Drone  
  20  1:56  Drone  
  21  2:10  Queen, Zergling x4  
  21  2:11  Queen  
  27  2:27  Metabolic Boost  
  27  2:45  Hatchery  
  27  2:50  Drone x2  
  28  2:52  Overlord  
  28  3:09  Queen  
  28  3:11  Drone x2  
  28  3:12  Drone x2, Overlord  
  34  3:22  Drone  
  34  3:23  Drone  
  36  3:41  Drone x3  
  37  3:42  Overlord  
  37  3:45  Queen  
  41  3:50  Drone x2  
  41  3:53  Extractor  
  42  3:55  Roach Warren  
  42  3:58  Spore Crawler  
  42  4:00  Drone  
  41  4:08  Drone x2  
  45  4:12  Drone x2  
  45  4:15  Extractor  
Show
View Real Time Build Order
Export as new Build Order

PureLegacy Terran - Winner!

Build Orders:  

Get SALT Encoding   

  12  0:00  SCV  
  13  0:13  SCV  
  14  0:18  Supply Depot  
  14  0:25  SCV  
  15  0:30  Refinery  
  15  0:40  SCV  
  16  0:46  Barracks  
  16  0:52  SCV  
  17  1:06  Barracks  
  17  1:19  Barracks  
  17  1:23  SCV  
  18  1:36  Reaper  
  19  1:41  Orbital Command  
  19  1:49  Refinery  
  19  1:53  Reaper  
  20  2:03  Supply Depot  
  20  2:06  Reaper  
  21  2:09  Reaper  
  21  2:12  SCV  
  23  2:24  SCV  
  24  2:33  Reaper  
  24  2:34  Supply Depot  
  26  2:37  SCV  
  26  2:39  Reaper  
  26  2:42  Reaper  
  27  3:05  Reaper  
  27  3:11  Reaper  
  29  3:18  Reaper  
  30  3:20  SCV  
  30  3:27  Command Center  
  31  3:28  Supply Depot  
  31  3:38  Reaper  
  32  3:44  Reaper  
  33  4:01  Barracks, SCV  
  33  4:02  Barracks  
  35  4:07  Engineering Bay  
Tags
 
Add a new tag
Caveats
  • Supply blocks, unpowered buildings, or Contaminate may cause inaccurate times.
  • Supply counts are checked every 10 seconds.